 Dungeon Crawl Stone Soup version 0.31-a0-1074-g0b22e4e0f1 (webtiles) character file.

Game seed: 9817040594526980788

91 Hubris850 the Caller (level 4, 0/24 HPs)
             Began as a Tengu Summoner on Dec 8, 2023.
             Succumbed to an adder's poison
             ... on level 3 of the Dungeon.
             The game lasted 00:07:20 (1601 turns).

Hubris850 the Caller (Tengu Summoner)               Turns: 1601, Time: 00:07:20

Health: 0/24       AC:  2    Str:  8    XL:     4   Next: 57%
Magic:  7/9        EV: 13    Int: 18    God:
Gold:   57         SH:  0    Dex: 14    Spells: 1/8 levels left

rFire   . . .        i - +1 whip (venom)
rCold   . . .        (no shield)
rNeg    . . .        a - +0 robe
rPois   .            (helmet restricted)
rElec   .            (no cloak)
rCorr   .            (no gloves)
SInv    .            (boots unavailable)
Will    .....        (no amulet)
Stlth   ++           (no ring)
HPRegen 0.24/turn    (no ring)
MPRegen 0.11/turn

%: acrobat
@: lethally poisoned (0 -> -4), attractive
A: beak, talons 3, acrobatic
a: no special abilities


You were on level 3 of the Dungeon.
You visited 1 branch of the dungeon, and saw 3 of its levels.

You collected 57 gold pieces.

Inventory:

Hand Weapons
 c - a +0 club
 d - a +0 short sword
 i - a +1 whip of venom (weapon)
 m - a +0 long sword
 n - a +2 whip of draining
Armour
 a - a +0 robe (worn)
Magical Staves
 e - a staff of earth
Wands
 l - a wand of light (8)
 r - a wand of flame (8)
Scrolls
 f - a scroll of silence {unknown}
 h - 6 scrolls of identify {unknown}
 j - a scroll of fear {unknown}
 k - a scroll of immolation {unknown}
 q - a scroll of vulnerability {unknown}
Potions
 b - a potion of magic
 g - a potion of enlightenment


   Skills:
 + Level 3.1 Dodging
 + Level 2.9 Stealth
 + Level 2.7 Spellcasting
 + Level 5.5 Summonings


You had one spell level left.
You knew the following spells:

 Your Spells              Type           Power      Damage    Failure   Level
a - Summon Small Mammal   Summ           88%        N/A       1%          1
b - Call Canine Familiar  Summ           22%        N/A       5%          3
c - Summon Guardian Gole  Hex/Summ       12%        N/A       16%         3

Your spell library contained the following spells:

 Spells                   Type           Power      Damage    Failure   Level
 Call Imp                 Summ           44%        N/A       2%          2
 Cigotuvi's Dreadful Rot  Necr/Pois/Air  4%         N/A       26%         2
 Summon Lightning Spire   Summ/Air       12%        N/A       47%         4
 Dispel Undead            Necr           2%         3d7       86%         4
 Death Channel            Necr           1%         N/A       100%        6


Dungeon Overview and Level Annotations

Branches:
Dungeon (3/15)

Altars:

Portals:
Sewer: D:3


Innate Abilities, Weirdness & Mutations

You have a beak for a mouth.
You have claws for feet.
You can magically evade attacks while moving or waiting.


Message History

You hit the adder.
The adder looks as sick as possible!
Your kick misses the adder.
The adder is almost dead.
You kill the adder!
The adder bites you but does no damage.
Your quokka misses the adder.
Your rat barely misses the adder.
Unknown command.
You closely miss the adder. Your peck misses the adder.
The adder is severely wounded.
The giant cockroach waves its antennae.
The giant cockroach bites you.
* * * LOW HITPOINT WARNING * * *
The adder bites you.
* * * LOW HITPOINT WARNING * * *
You are poisoned.
The adder poisons you!
Your quokka barely misses the adder.
Your rat barely misses the adder.
The giant cockroach misses you. The adder bites you.
* * * LOW HITPOINT WARNING * * *
You are lethally poisoned!
The adder poisons you!
It was a potion of enlightenment.
You feel very buoyant.
You fly up into the air.
* * * LOW HITPOINT WARNING * * *
You feel sick.
Your quokka bites the adder but does no damage.
The adder barely misses your quokka. The giant cockroach misses you.
Your rat barely misses the adder.
It was a potion of cancellation.
Your magical effects are unravelling.
You feel magically purged.
You float gracefully downwards.
Your enlightenment fades.
* * * LOW HITPOINT WARNING * * *
You feel sick.
Your quokka bites the adder.
The adder bites your quokka. The giant cockroach barely misses you.
Your rat closely misses the adder.
Your quokka barely misses the adder.
It was a potion of attraction.
You feel attractive to monsters.
You die...

..#
#.##.#....[.#..######.
..#####....#......#..#
....
..................#..#
....
...####.#..†......#..#
..... ...#
#.#.........#..##.....
...# #
##.#......#.........
...#
#.##...###..#######
....
#.##.#.####.#~~~~~#
.......@B...'~~∩~~#
#.#..#.#Sr..#~~~~~#
.........r..####### #
#.....>#.........
#....#.#.........
#....#.##########
#....#.# #....#.#


You could see an adder (distracted, ally target), a giant cockroach, a friendly
quokka (summoned) and a friendly rat (summoned).

Vanquished Creatures
  3 adders (D:3)
  A worm (D:2)
  A dart slug (D:1)
  A goblin (D:1)
  2 hobgoblins (D:2)
  7 jackals
  A quokka (D:1)
  2 ball pythons
  3 kobolds
  A rat (D:1)
22 creatures vanquished.

Vanquished Creatures (collateral kills)
  4 ball pythons
  7 endoplasms
  2 giant cockroaches
  3 goblins
  3 hobgoblins
  2 jackals
  2 kobolds (D:1)
  2 bats
  2 frilled lizards (D:2)
  5 rats (D:2)
32 creatures vanquished.

Grand Total: 54 creatures vanquished

Notes
Turn   | Place    | Note
-------+----------+-------------------------------------------
     0 | D:1      | Hubris850 the Tengu Summoner began the quest for the Orb.
     0 | D:1      | Reached XP level 1. HP: 10/10 MP: 4/4
   117 | D:1      | Reached XP level 2. HP: 15/15 MP: 4/6
   155 | D:1      | Reached skill level 5 in Summonings
   604 | D:1      | Found a faded altar of an unknown god.
   768 | D:2      | Reached XP level 3. HP: 19/19 MP: 5/7
   908 | D:2      | Learned a level 3 spell: Call Canine Familiar
  1320 | D:2      | Learned a level 3 spell: Summon Guardian Golem
  1424 | D:3      | Reached XP level 4. HP: 13/24 MP: 5/8
  1575 | D:3      | Found a glowing drain.
  1600 | D:3      | HP: 1/24 [poisoned by an adder]
  1601 | D:3      | Succumbed to an adder's poison

Illustrated notes

Levels and vault maps discovered:
D:1:      minmay_arrival_nine_rooms, layout_basic,
          shapermc_ecumenical_altar_flowoftime, grunt_decor_mini_mirrors,
          hangedman_feature_mirror
D:2:      layout_basic
D:3:      layout_basic, gup_sewer_entry_glass

Skill      XL: |  1  2  3  4 |
---------------+-------------+-----
Summonings     | 5 |  5.5
Dodging        | 3 |  3.1
Stealth        | |  2.9
Spellcasting   | |  2.7

Action                     |  1- 3 |  4- 6 || total
---------------------------+-------+-------++-------
  Melee: Unarmed           |     7 |       ||     7
         Kick              |    17 |     9 ||    26
         Peck              |    16 |     2 ||    18
         Staff             |    23 |       ||    23
         Club              |     4 |       ||     4
         Whip              |    12 |    24 ||    36
   Cast: Summon Small Mamm |    51 |    11 ||    62
    Use: Potion            |       |     3 ||     3
   Stab: Distracted        |     2 |       ||     2
 Armour: Robe              |    31 |    33 ||    64
  Dodge: Dodged            |    49 |    49 ||    98

Table legend: (Time is in decaauts)
 A = Elapsed time spent in this place.
 B = Non-inter-level travel time spent in this place.
 C = Inter-level travel time spent in this place.
 D = Time resting spent in this place.
 E = Time spent auto-exploring this place.
 F = Levels seen in this place.
 G = Mean time per level.
                   A        B        C        D        E       F      G
               +--------+--------+--------+--------+--------+-----+--------+
         Total |   1607 |   1541 |     66 |     68 |   1009 |   3 |  535.7 |
       Dungeon |   1607 |   1541 |     66 |     68 |   1009 |   3 |  535.7 |
               +--------+--------+--------+--------+--------+-----+--------+

Top non-repeatable levels by time:
     D:2: 748 daAuts
     D:1: 672 daAuts
     D:3: 186 daAuts
